Map: Void Training Stage 1

Players

Winthrowe - Winner!

  • Race: Zerg Zerg
  • Spawn Location: 5:00

Player 2

  • Race: Zerg Zerg
  • Spawn Location: 11:00

VOD

Have the link to the VOD?

Description

Time

  • Played on: Aug. 14, 2017, 9:42 p.m.
  • Length: 11:17
Show
View Real Time Build Order
Export as new Build Order

Winthrowe Zerg - Winner!

Build Orders: Pool First 

Get SALT Encoding   

  12  0:10  Drone  
  12  0:11  Drone  
  14  0:17  Overlord  
  14  0:38  Extractor  
  14  0:42  Drone  
  14  0:43  Drone  
  15  0:55  Spawning Pool  
  14  0:57  Drone x2  
  16  1:07  Drone  
  17  1:22  Overlord  
  17  2:09  Drone x3  
  20  2:19  Hatchery  
  19  3:12  Hatchery  
  18  3:13  Extractor  
  17  3:28  Extractor  
  16  3:43  Zergling x10  
  21  3:50  Queen x2  
  25  4:03  Roach Warren  
  25  4:07  Drone  
  25  4:08  Drone x3  
  28  4:25  Queen  
  28  4:26  Queen  
  28  4:27  Extractor  
  28  4:28  Extractor  
  30  4:42  Drone x8  
  38  5:11  Overlord x2  
  38  5:12  Overlord  
  38  5:13  Overlord  
  38  5:16  Drone x4  
  38  5:19  Overlord  
  42  5:43  Zergling x12  
  42  5:47  Metabolic Boost  
  48  5:52  Pneumatized Carapace  
  48  6:01  Drone x2  
  48  6:03  Drone  
  51  6:08  Drone  
  52  6:31  Drone x7  
  52  6:32  Drone  
  60  6:42  Lair  
  60  6:55  Extractor  
  59  7:07  Overlord x4  
  59  7:31  Zergling x2  
  59  7:32  Roach  
  59  7:33  Roach x7  
  75  7:51  Glial Reconstitution  
  75  7:56  Roach x5  
  85  8:06  Drone  
  85  8:07  Drone x5  
  91  8:58  Hatchery  
  90  9:03  Drone x9  
  90  9:09  Tunneling Claws  
  99  9:16  Hatchery  
  100  9:45  Roach  
  100  9:46  Roach x6  
  100  9:47  Overlord x2  
  112  10:08  Zergling x12  
  119  10:14  Zergling x16  
  126  10:24  Unknown  
  126  10:26  Overlord x3  
  125  10:54  Unknown  
Show
View Real Time Build Order
Export as new Build Order

Player 2 Zerg 

Build Orders: Pool First 

Get SALT Encoding   

  12  0:00  Drone  
  13  0:12  Overlord  
  13  0:17  Drone  
  14  0:34  Spawning Pool  
  13  0:37  Drone  
  13  0:41  Extractor  
  13  0:44  Drone  
  14  0:51  Overlord  
  14  1:21  Queen, Zergling x2  
  17  1:29  Roach Warren  
  17  1:30  Extractor  
  15  1:34  Drone  
  16  1:41  Drone  
  16  1:47  Zergling x2  
  18  2:02  Drone  
  19  2:09  Drone  
  19  2:12  Zergling x2  
  21  2:17  Drone  
  22  2:28  Overlord  
  22  2:31  Drone  
  23  2:38  Roach  
  23  2:39  Drone  
  26  2:50  Drone  
  27  7:07  Drone  
  30  7:08  Roach, Lair  
  30  7:09  Overlord  
  30  7:15  Drone  
  31  7:19  Hatchery  
  31  7:22  Drone  
  31  7:29  Drone  
  27  7:45  Roach  
  29  8:09  Overseer x2  
  29  8:22  Zergling x2  
  30  8:32  Drone  
  31  8:34  Extractor  
  31  8:39  Drone  
  31  8:46  Drone  
  31  8:47  Extractor  
  31  8:53  Drone  
  32  9:00  Roach, Drone  
  35  9:07  Drone  
  36  9:15  Drone  
  37  9:22  Drone  
  38  9:29  Drone  
  39  9:37  Drone  
  40  9:44  Drone  
  41  9:51  Drone  
  42  9:58  Drone  
  43  10:05  Drone  
  44  10:12  Drone  
  45  10:14  Overlord  
  45  10:20  Drone  
  46  10:25  Zergling x2  
  46  10:27  Drone  
  45  10:35  Drone  
  39  10:38  Overseer  
  39  10:42  Drone  
  24  10:49  Drone  
  25  10:54  Zergling x2  
  25  10:56  Drone  
  27  11:04  Drone  
Tags
 
Add a new tag
Caveats
  • Supply blocks, unpowered buildings, or Contaminate may cause inaccurate times.
  • Supply counts are checked every 10 seconds.